 Dungeon Crawl Stone Soup version 0.25.1-2-g60ff931df9 (webtiles) character file.

Game seed: 1093969432027007697

109500 DogServant the Brawler (level 16, -15/147 HPs)
             Began as a Naga Transmuter on Oct 17, 2020.
             Was a High Priest of Okawaru.
             Killed from afar by Arachne (29 damage)
             ... with a poison arrow
             ... on level 2 of the Spider Nest.
             The game lasted 01:18:33 (39105 turns).

DogServant the Brawler (Naga Transmuter)           Turns: 39105, Time: 01:18:33

Health: -15/147    AC: 25    Str: 25    XL:     16   Next: 52%
Magic:  14/22      EV: 15    Int: 15    God:    Okawaru [*****.]
Gold:   210        SH:  5    Dex: 20    Spells: 1/23 levels left

rFire    . . .     SeeInvis +     - Unarmed
rCold    . . .     Gourm    .   e - +0 buckler
rNeg     . . .     Faith    .   r - +2 robe {MR+}
rPois    +         Spirit   .   y - +2 hat {SInv}
rElec    .         Reflect  .   j - +2 cloak {rPois}
rCorr    .         Harm     .   F - +1 pair of gloves {Dex+3}
MR       +++..                  C - +2 naga barding {Stlth+}
Stlth    +++.......             V - amulet of Doubts {Acrobat Str+8 Dex-4 Slay+2 SInv}
HPRegen  0.34/turn              N - +4 ring of slaying
MPRegen  0.18/turn              m - +6 ring of dexterity

@: lethally poisoned (-15 -> -33), finesse, slowed, very slow
A: large, molten scales 1, see invisible, agile 1, deformed body, poison
resistance, slowness 2, slow metabolism 1, spit poison 1, constrict 1, AC +5
a: Spit Poison, Heroism, Finesse, Renounce Religion


You were on level 2 of the Spider Nest.
You worshipped Okawaru.
Okawaru was extremely pleased with you.
You were not hungry.

You visited 5 branches of the dungeon, and saw 26 of its levels.

You collected 1909 gold pieces.
You spent 1699 gold pieces at shops.

Inventory:

Missiles
 a - 339 arrows
 v - 7 javelins (quivered)
 J - 15 silver javelins
 K - 3 throwing nets
Armour
 b - a +1 naga barding of fire resistance
 e - a +0 buckler (worn)
 j - a +2 cloak of poison resistance (worn)
 r - a +2 robe of magic resistance (worn)
 y - a +2 hat of see invisible (worn)
 C - a +2 naga barding of stealth (worn)
 F - a +1 pair of gloves of dexterity (worn)
 P - the +6 scale mail of Uhaott {Regen+ Stlth+}
   (You found it on level 10 of the Dungeon)

   It increases your rate of regeneration.
   It makes you more stealthy.
 X - +2 acid dragon scales
Jewellery
 i - an uncursed ring of positive energy
 l - the ring "Cuqoenet" {rPois rCorr}
   (You acquired it on level 3 of the Lair of Beasts)

   [ring of resist corrosion]

   It protects you from poison.
   It provides partial protection from all sources of acid and corrosion.
 m - a +6 ring of dexterity (right hand)
 n - an uncursed ring of protection from cold
 N - a +4 ring of slaying (left hand)
 V - the amulet of Doubts (around neck) {Acrobat Str+8 Dex-4 Slay+2 SInv}
   (You acquired it on level 1 of the Orcish Mines)

   [amulet of the acrobat]

   It helps you evade while moving and waiting.
   It affects your strength (+8).
   It affects your dexterity (-4).
   It affects your accuracy and damage with ranged weapons and melee attacks
   (+2).
   It lets you see invisible.
Wands
 c - a wand of random effects (12)
 s - a wand of clouds (3)
 t - a wand of polymorph (15)
 z - a wand of paralysis (7)
 Q - a wand of digging (6)
Scrolls
 h - 5 scrolls of fear
 k - 9 scrolls of fog
 L - a scroll of summoning
 R - 3 scrolls of amnesia
 S - 2 scrolls of enchant weapon
 T - 4 scrolls of remove curse
 U - 2 scrolls of blinking
Potions
 f - 2 potions of curing
 g - a potion of ambrosia
 p - 3 potions of lignification
 q - 2 potions of stabbing
 u - 4 potions of brilliance
 w - a potion of cancellation
 x - 4 potions of might
 A - a potion of invisibility
 D - 4 potions of haste
 G - a potion of mutation
 H - a potion of flight
 I - a potion of resistance
 W - 2 potions of magic
 Y - 2 potions of heal wounds
Comestibles
 d - 14 rations


   Skills:
 - Level 10.4 Fighting
 - Level 5.0 Armour
 - Level 9.0 Dodging
 - Level 2.4 Shields
 + Level 16.6 Unarmed Combat
 - Level 4.4 Spellcasting
 - Level 4.0 Conjurations
 - Level 12.3 Transmutations
 - Level 4.0 Air Magic
 + Level 5.6 Earth Magic
 - Level 7.9 Poison Magic
 - Level 7.0 Invocations
 - Level 1.4 Evocations


You had one spell level left.
You knew the following spells:

 Your Spells              Type           Power        Failure   Level  Hunger
a - Beastly Appendage     Tmut           #####.       1%          1    None
b - Sticks to Snakes      Tmut           #####...     1%          2    ##.....
c - Spider Form           Tmut/Pois      ####......   1%          3    ###....
d - Blade Hands           Tmut           #####.....   3%          5    ######.
e - Mephitic Cloud        Conj/Pois/Air  ###.....     6%          3    ###....
f - Blink                 Tloc           N/A          26%         2    ##.....
g - Statue Form           Tmut/Erth      ####.....    54%         6    #######

Your spell library contained the following spells:

 Spells                   Type           Power        Failure   Level  Hunger
 Magic Dart               Conj           ###.         3%          1    None
 Summon Small Mammal      Summ           #...         17%         1    None
 Ice Form                 Ice/Tmut       ###.....     14%         4    ####...
 Irradiate                Conj/Tmut      ####......   17%         5    ######.
 Hydra Form               Tmut           #####.....   17%         6    #######
 Conjure Flame            Conj/Fire      #.......     22%         3    ###....
 Call Imp                 Summ           #.......     26%         2    ##.....
 Shroud of Golubria       Chrm/Tloc      #.....       26%         2    ##.....
 Slow                     Hex            #.......     26%         2    ##.....
 Call Canine Familiar     Summ           #.......     45%         3    ###....
 Gell's Gravitas          Tloc           #.........   45%         3    ###....
 Lesser Beckoning         Tloc           #.........   45%         3    ###....
 Summon Guardian Golem    Hex/Summ       #.......     45%         3    ###....
 Teleport Other           Tloc           #.......     45%         3    ###....
 Summon Lightning Spire   Summ/Air       #.......     58%         4    ####...
 Dragon Form              Tmut           #####.....   67%         7    #######
 Passage of Golubria      Tloc           N/A          86%         4    ####...
 Summon Ice Beast         Ice/Summ       #.......     86%         4    ####...


Dungeon Overview and Level Annotations

Branches:
Dungeon (15/15)            Temple (1/1) D:5            Lair (6/6) D:8
 Shoals (0/4) Lair:2       Spider (2/4) Lair:3        Slime (0/5) Lair:5
    Orc (2/2) D:10            Elf (0/3) Orc:2        Vaults (0/5) D:14
 Depths: D:15

Altars:
Ashenzari
Cheibriados
Dithmenos
Elyvilon
Fedhas
Gozag
Hepliaklqana
Kikubaaqudgha
Makhleb
Nemelex Xobeh
Okawaru
Qazlal
Ru
Trog
Uskayaw
Vehumet
Wu Jian
Xom
Yredelemnul
Zin
The Shining One
Beogh

Shops:
D:13 =   Orc:1 =*   Orc:2 !:?[

Annotations:
D:10 1 runed translucent door, Revguard's ghost, journeyman OgFE
D:15 Azrael
Lair:5 exclusion: 4 oklob plants
Spider:2 Arachne


Innate Abilities, Weirdness & Mutations

You cannot wear boots.
Your serpentine skin is tough. (AC +5)
You have supernaturally acute eyesight. (SInv)
Armour fits poorly on your strangely shaped body.
Your system is resistant to poisons. (rPois)
You cover ground very slowly.
You have a slow metabolism.
You can spit poison.
You can use your snake-like lower body to constrict enemies.
You are partially covered in molten scales. (AC +2)
You are agile. (Dex +2)


Message History

Your hands revert to their normal proportions.
Your +1 pair of gloves of dexterity unmelds from your body.
Your +0 buckler unmelds from your body.
You feel agile.
You constrict Arachne!
You feel sick. The redback bites you!
* * * LOW HITPOINT WARNING * * *
The redback misses you. x2
Arachne hits you with an uncursed staff of poison!
* * * LOW HITPOINT WARNING * * *
Arachne envenoms you.
* * * LOW HITPOINT WARNING * * *
You are more poisoned.
You block the redback's attack.
The jumping spider leaps!
The redback closely misses you. The redback misses you.
The redback bites you but does no damage.
Arachne stares at you and mumbles some strange words.
The poison arrow hits you!!
You are lethally poisoned!
You partially resist.
You die...

.##.....
#≈.....######
.#.....≈#^...#
..s..#.#....#
#.....#....#
#.....#....#
#.....#....#
#....#.s.#
#..<.s@H.#
.#..#..†.#ss...w..
....°....#s.......
#..#.....s.s......
#. #.............#
#.........########
........#≈#
.#.......°.
............


You could see Arachne, a torpor snail, 2 orb spiders, a jumping spider
(wandering) and 5 redbacks.

Vanquished Creatures
  Roxanne (D:15)
  An emperor scorpion (Spider:1)
  An orc warlord (Orc:1)
  An entropy weaver (Spider:1)
  Nessos (Lair:4)
  A dire elephant (Lair:6)
  Snorg (Orc:1)
  4 vault guards (D:14)
  3 catoblepae
  7 hydras
  2 ogre magi
  4 centaur warriors
  13 two-headed ogres
  3 death yaks (Lair:6)
  2 orc high priests (Orc:2)
  Nergalle (Lair:2)
  Sonja (D:11)
  Pikel (D:4)
  10 ugly things
  7 wolf spiders (Spider:1)
  2 orc knights
  11 orb spiders (Spider:1)
  2 cyclopes
  8 orc sorcerers
  4 manticores
  3 moths of wrath
  2 merfolk sirens (Lair:2)
  11 elephants
  A torpor snail (Spider:1)
  A black mamba (Lair:1)
  11 spiny frogs
  2 kobold demonologists
  6 rime drakes
  8 komodo dragons
  A komodo dragon (shapeshifter) (D:14)
  6 trolls
  4 demonic crawlers (Spider:1)
  3 tengu conjurers
  16 jumping spiders
  A meliai (D:14)
  A polar bear (Lair:2)
  2 hornets
  2 merfolk (Lair:2)
  6 slime creatures
  2 blink frogs (Lair:6)
  12 hippogriffs
  A meliai zombie (D:11)
  25 redbacks
  A shadow (D:14)
  5 tarantellas (Spider:1)
  A wyvern (D:14)
  A wraith (D:13)
  A vampire (D:11)
  45 yaks
  A fire elemental (D:15)
  A water elemental (D:11)
  3 basilisks
  A hungry ghost (D:13)
  9 vampire mosquitoes
  4 wargs
  An acid dragon (D:12)
  A hell hound (Lair:6)
  8 porcupines
  15 water moccasins
  Duvessa (D:6)
  2 black bears
  4 ice beasts
  8 sky beasts
  24 orc warriors
  3 slaves (D:4)
  A necrophage (D:10)
  22 ogres
  3 phantoms
  4 centaurs
  9 wolves (Lair:2)
  19 crocodiles
  6 big kobolds
  22 bullfrogs
  2 gnoll sergeants
  Dowan (D:6)
  5 scorpions
  7 killer bees
  9 wights
  12 electric eels
  3 howler monkeys
  11 crimson imps
  A centaur zombie (D:5)
  3 bullfrog zombies
  2 quasits (D:10)
  11 hounds
  5 jellies
  25 orc priests
  5 centaur skeletons
  5 bullfrog skeletons
  39 orc wizards
  19 worker ants
  3 iguanas
  A hound zombie (D:5)
  2 howler monkey skeletons
  Robin (D:2)
  10 gnolls
  14 adders
  7 shadow imps
  An ooze (D:1)
  3 adder skeletons
  2 worms (D:2)
  3 dart slugs
  3 leopard geckos
  127 orcs
  A bat zombie (D:1)
  2 giant cockroaches
  18 goblins
  6 hobgoblins
  17 jackals
  52 kobolds
  3 quokkas
  A ball python (D:3)
  6 bats
  5 frilled lizards
  2 leopard gecko skeletons
  2 leopard gecko zombies
  A quokka skeleton (D:5)
  5 rats
  A plant (Lair:2)
909 creatures vanquished.

Vanquished Creatures (others)
  A bullfrog (D:6)
  A killer bee (D:11)
  A bullfrog skeleton (D:8)
  An orc wizard (Orc:2)
  2 adders
  An orc (Orc:2)
  A hobgoblin (D:2)
  2 kobolds (D:2)
  16 fungi
  3 plants
  2 withered plants (D:10)
31 creatures vanquished.

Grand Total: 940 creatures vanquished

Notes
Turn   | Place    | Note
-------+----------+-------------------------------------------
     0 | D:1      | DogServant the Naga Transmuter began the quest for the Orb.
     0 | D:1      | Reached XP level 1. HP: 18/18 MP: 3/3
   444 | D:1      | Reached XP level 2. HP: 16/25 MP: 3/5
  1112 | D:1      | Reached XP level 3. HP: 28/31 MP: 6/6
  2301 | D:2      | Reached XP level 4. HP: 32/38 MP: 7/7
  2540 | D:2      | Found a bloodstained altar of Trog.
  2551 | D:2      | Reached skill level 4 in Unarmed Combat
  2588 | D:2      | Reached XP level 5. HP: 12/45 MP: 6/8
  2851 | D:2      | Found a burning altar of Makhleb.
  2851 | D:2      | Found a white marble altar of Elyvilon.
  2870 | D:2      | Noticed Robin
  3213 | D:2      | Killed Robin
  3468 | D:2      | Found a snail-covered altar of Cheibriados.
  3583 | D:2      | Found a stormy altar of Qazlal.
  4171 | D:3      | Reached XP level 6. HP: 50/55 MP: 9/9
  4437 | D:3      | Learned a level 2 spell: Sticks to Snakes
  4441 | D:3      | Learned a level 3 spell: Spider Form
  5121 | D:4      | Reached skill level 1 in Poison Magic
  5149 | D:4      | Reached skill level 5 in Unarmed Combat
  5727 | D:4      | Reached XP level 7. HP: 62/62 MP: 10/10
  5828 | D:4      | Reached skill level 5 in Transmutations
  6531 | D:4      | Noticed Pikel
  6814 | D:4      | Killed Pikel
  6814 | D:4      | Reached skill level 6 in Unarmed Combat
  6814 | D:4      | Reached skill level 5 in Poison Magic
  6814 | D:4      | Reached XP level 8. HP: 30/69 MP: 8/11
  7138 | D:4      | Learned a level 5 spell: Blade Hands
  7413 | D:5      | Entered Level 5 of the Dungeon
  7413 | D:5      | Found a staircase to the Ecumenical Temple.
  7452 | Temple   | Entered the Ecumenical Temple
  7613 | Temple   | Became a worshipper of Warmaster Okawaru
  8349 | D:5      | Reached skill level 7 in Unarmed Combat
  8349 | D:5      | Reached XP level 9. HP: 65/78 MP: 13/13
  9306 | D:6      | Noticed Duvessa
  9308 | D:6      | Noticed Dowan
  9311 | D:6      | Killed Duvessa
  9313 | D:6      | Paralysed by Dowan for 6 turns
  9320 | D:6      | Killed Dowan
 10138 | D:7      | Reached * piety under Okawaru
 10579 | D:7      | Reached skill level 5 in Fighting
 10899 | D:7      | Reached ** piety under Okawaru
 11243 | D:7      | Gained mutation: You are clumsy. (Dex -2) [mutagenic glow]
 11379 | D:7      | Gained mutation: You are partially covered in slimy green
                  | scales. (AC +2) [mutagenic glow]
 11384 | D:7      | Reached skill level 8 in Unarmed Combat
 11395 | D:7      | Reached skill level 1 in Invocations
 11531 | D:7      | Noticed a red ugly thing
 11652 | D:7      | Reached XP level 10. HP: 76/91 MP: 6/16
 11837 | D:7      | Found an ancient bone altar of Kikubaaqudgha.
 12678 | D:7      | Got a pitted scale mail
 12692 | D:7      | Identified the cursed +1 scale mail "Morycu" {SInv} (You
                  | found it on level 7 of the Dungeon)
 13054 | D:8      | Found a runed translucent door.
 13287 | D:8      | Identified the +5 hand axe "Xupit" {pain, Str+8 Int-3}
 13490 | D:8      | Reached *** piety under Okawaru
 13615 | D:8      | Found a staircase to the Lair.
 14174 | D:8      | Found a roughly hewn altar of Beogh.
 14267 | D:9      | Reached skill level 9 in Unarmed Combat
 14279 | D:9      | Reached **** piety under Okawaru
 14281 | D:9      | Received a gift from Okawaru
 14283 | D:9      | Reached skill level 5 in Invocations
 14499 | D:9      | Reached XP level 11. HP: 96/100 MP: 17/17
 14915 | D:9      | Found a sacrificial altar of Ru.
 14915 | D:9      | Found a blossoming altar of Fedhas.
 15094 | D:10     | Entered Level 10 of the Dungeon
 15372 | D:10     | Found a runed translucent door.
 15373 | D:10     | Noticed Revguard's ghost (journeyman OgFE)
 15930 | D:10     | Got a scorched scale mail
 15941 | D:10     | Identified the +6 scale mail of Uhaott {Regen+ Stlth+} (You
                  | found it on level 10 of the Dungeon)
 16079 | D:10     | Reached ***** piety under Okawaru
 16212 | D:10     | Found a staircase to the Orcish Mines.
 16843 | Lair:1   | Entered Level 1 of the Lair of Beasts
 17438 | Lair:1   | Received a gift from Okawaru
 17796 | Lair:1   | Reached skill level 10 in Unarmed Combat
 18438 | Lair:1   | Reached skill level 10 in Transmutations
 19045 | Lair:2   | Received a gift from Okawaru
 19257 | Lair:2   | Reached skill level 1 in Armour
 19301 | Lair:2   | Noticed a six-headed hydra
 19307 | Lair:2   | Reached ****** piety under Okawaru
 19310 | Lair:2   | Killed a seven-headed hydra
 19310 | Lair:2   | Reached XP level 12. HP: 81/109 MP: 13/18
 19546 | Lair:2   | Reached skill level 11 in Unarmed Combat
 19554 | Lair:2   | Found a staircase to the Shoals.
 19882 | Lair:2   | Noticed Nergalle
 19914 | Lair:2   | Killed Nergalle
 21553 | Lair:3   | Found a hole to the Spider Nest.
 22010 | Lair:3   | Identified a scroll of acquirement
 22010 | Lair:3   | Acquired the ring "Cuqoenet" {rPois rCorr}
 22152 | Lair:4   | Noticed a five-headed hydra
 22157 | Lair:4   | Reached skill level 5 in Armour
 22165 | Lair:4   | Reached skill level 12 in Unarmed Combat
 22175 | Lair:4   | Killed an eight-headed hydra
 22175 | Lair:4   | Received a gift from Okawaru
 22394 | Lair:4   | Noticed Nessos
 22407 | Lair:4   | Killed Nessos
 22851 | Lair:4   | Gained mutation: You can use your snake-like lower body to
                  | constrict enemies. [Naga growth]
 22851 | Lair:4   | Reached XP level 13. HP: 99/121 MP: 13/19
 23417 | Lair:4   | Reached skill level 10 in Fighting
 23418 | Lair:4   | Reached skill level 13 in Unarmed Combat
 24185 | Lair:5   | Received a gift from Okawaru
 24445 | Lair:5   | Reached skill level 1 in Evocations
 24480 | Lair:5   | Found a basalt altar of Yredelemnul.
 24728 | Lair:5   | Found a staircase to the Slime Pits.
 24851 | Lair:5   | Learned a level 3 spell: Mephitic Cloud
 24854 | Lair:5   | Learned a level 2 spell: Blink
 25393 | Lair:6   | Entered Level 6 of the Lair of Beasts
 25406 | Lair:6   | Reached skill level 1 in Conjurations
 25406 | Lair:6   | Reached skill level 1 in Air Magic
 25910 | Lair:6   | Received a gift from Okawaru
 26146 | Lair:6   | Reached skill level 5 in Dodging
 26252 | Lair:6   | Reached XP level 14. HP: 62/132 MP: 12/20
 26842 | Lair:6   | Noticed a dire elephant
 26853 | Lair:6   | Killed a dire elephant
 26853 | Lair:6   | Reached skill level 14 in Unarmed Combat
 28573 | D:6      | Found a shadowy altar of Dithmenos.
 28806 | D:11     | Noticed Sonja
 28809 | D:11     | Killed Sonja
 28855 | D:11     | Received a gift from Okawaru
 30994 | D:13     | Found Enweuja's Jewellery Shop.
 31075 | D:13     | Bought a +4 ring of slaying for 936 gold pieces
 31465 | D:13     | You fall into a shaft and drop 2 floors!
 31465 | D:15     | Entered Level 15 of the Dungeon
 31731 | D:14     | Found a gate to the Vaults.
 32082 | D:13     | Reached XP level 15. HP: 100/138 MP: 14/21
 32087 | D:13     | Reached skill level 15 in Unarmed Combat
 32088 | D:13     | Received a gift from Okawaru
 32633 | Orc:1    | Entered Level 1 of the Orcish Mines
 32733 | Orc:1    | Found Qeixapn's Jewellery Shop.
 32782 | Orc:1    | Noticed an orc warlord
 32802 | Orc:1    | Killed an orc warlord
 32804 | Orc:1    | Noticed Snorg
 32826 | Orc:1    | Killed Snorg
 33314 | Orc:1    | Found Roleleog's General Store.
 33322 | Orc:1    | Acquired the amulet of Doubts {Acrobat Str+8 Dex-4 Slay+2
                  | SInv}
 33387 | Orc:2    | Entered Level 2 of the Orcish Mines
 34564 | Orc:2    | Found a staircase to the Elven Halls.
 34693 | Orc:2    | Found Qixuexzi's Armour Emporium.
 34693 | Orc:2    | Found Eneg's Book Shoppe.
 34694 | Orc:2    | Found Teotso's Distillery.
 34697 | Orc:2    | Found Zicoiloq's Magic Scroll Emporium.
 34750 | Orc:2    | Lost mutation: You are clumsy. (Dex -2) [potion of
                  | mutation]
 34750 | Orc:2    | Lost mutation: You are partially covered in slimy green
                  | scales. (AC +2) [potion of mutation]
 34750 | Orc:2    | Gained mutation: Your spells are a little easier to cast,
                  | but a little less powerful. [potion of mutation]
 34750 | Orc:2    | Gained mutation: You are partially covered in slimy green
                  | scales. (AC +2) [potion of mutation]
 34751 | Orc:2    | Lost mutation: Your spells are a little easier to cast, but
                  | a little less powerful. [potion of mutation]
 34751 | Orc:2    | Lost mutation: You are partially covered in slimy green
                  | scales. (AC +2) [potion of mutation]
 34751 | Orc:2    | Gained mutation: You are agile. (Dex +2) [potion of
                  | mutation]
 34751 | Orc:2    | Gained mutation: You are partially covered in molten
                  | scales. (AC +2) [potion of mutation]
 34753 | Orc:2    | Bought a scroll of identify for 24 gold pieces
 34753 | Orc:2    | Bought a scroll of identify for 24 gold pieces
 34969 | D:14     | Received a gift from Okawaru
 36251 | D:15     | Found a sparkling altar of Nemelex Xobeh.
 36349 | D:15     | Noticed Roxanne
 36363 | D:15     | Killed Roxanne
 36363 | D:15     | Reached skill level 1 in Shields
 36374 | D:15     | Noticed Azrael
 36708 | Orc:2    | Bought a book of Transfigurations for 715 gold pieces
 36715 | Orc:2    | Learned a level 6 spell: Statue Form
 36904 | Spider:1 | Entered Level 1 of the Spider Nest
 36937 | Spider:1 | Reached XP level 16. HP: 147/147 MP: 22/22
 36947 | Spider:1 | Reached skill level 1 in Earth Magic
 37008 | Spider:1 | Reached skill level 16 in Unarmed Combat
 37979 | Spider:1 | Received a gift from Okawaru
 38678 | Spider:1 | Reached skill level 5 in Earth Magic
 39095 | Spider:2 | Noticed Arachne
 39105 | Spider:2 | Killed from afar by Arachne

Illustrated notes

Levels and vault maps discovered:
D:1:      saegor_arrival_fortress, layout_loops_ring, nrook_loot_triangle
D:2:      layout_basic, cheibriados_altar_1, grunt_qazlal_clouds,
          chequers_temple_overflow_statue_of_worship, uniq_robin
D:3:      layout_loops_ring, first_ration
D:4:      layout_cave_pods, uniq_pikel
D:5:      layout_basic, temple_statues
D:6:      minmay_goblin_kobold_castle, layout_cave_pods, marbit_many_paths,
          serial_park_tiny_pond, kennysheep_generic_room_9, uniq_duvessa
D:7:      minmay_the_grid_four_pointed_star
          [minmay_the_grid_triangle_9x9_corruption,
          minmay_the_grid_triangle_9x9_checkered,
          minmay_the_grid_triangle_9x9_sparse_checkered,
          minmay_the_grid_triangle_9x9_limited_checkers,
          minmay_the_grid_prize_shrinking_boxes], layout_cave_pools,
          lemuel_blue_sif_altar, kiku_gazebo_garden_becter
D:8:      layout_basic, grunt_lair_entry_orc_guard_hut, grunt_ogre_cave,
          lightli_church_of_beogh
D:9:      cheibrodos_iron_armory, layout_cave_pools,
          amethyst_overflow_temple_binary
D:10:     layout_cave_pods, david_orc_3, gammafunk_ghost_grave
D:11:     layout_basic, skrybe_limestone_x, uniq_sonja
D:12:     layout_rooms, minmay_misc_feat_pillars
D:13:     layout_irregular_city, serial_shops, shop_fountains, st_stairs_9
D:14:     layout_grid_maze, lightli_vaults_fourway_checkpoint,
          serial_park_square1 [serial_park_minivault_5x5_3],
          minmay_misc_feat_more_columns, kennysheep_generic_room_10
D:15:     grunt_enter_depths_hoard, layout_irregular_city, lemuel_doored_altar,
          uniq_josephine, uniq_roxanne, uniq_agnes, uniq_azrael, uniq_rupert
Temple:   minmay_temple_bridge_abc
Lair:1:   layout_regular_city, hangedman_lair_generics_rect
Lair:2:   layout_layer_cave, elwin_shoals_entry_stream, grunt_megastairs_5,
          serial_bayou_shore_b, uniq_nergalle
Lair:3:   layout_regular_city, spider_nest_entry_a, beast_lair_carwin_7
Lair:4:   layout_cave_pods, st_stairs_12, uniq_nessos
Lair:5:   layout_hall_layers, minmay_slime_entry_oklob_open, basic_altar,
          minmay_stone_trees_medium, eino_small_chamber_without_monster,
          st_stairs_7, lookout_lair_type, chequers_serial_rivers_small_3,
          fungi_pond_lemuel
Lair:6:   evil_forest, layout_concentric_octagons
Spider:1: nicolae_spider_hall_of_the_moth_king, nicolae_spider_nook
Spider:2: layout_spider_delve, spiders_nest_spider_trap, uniq_arachne,
          uniq_nikola
Orc:1:    layout_diamond_mine, serial_shops, nicolae_shop_waterfront, shop,
          shop, shop, shop, uniq_snorg, uniq_gastronok
Orc:2:    st_orc_mages, layout_caves

Skill      XL: |  1  2  3  4  5  6  7  8  9 10 11 12 13 14 15 16 |
---------------+-------------------------------------------------+-----
Transmutations | 3 4 6 7 9 10 11 12 | 12.3
Unarmed Combat | 4 5 6 7 8 9 10 12 13 14 15 16 | 16.6
Fighting       | 2 3 5 7 8 9 10 | 10.4
Poison Magic   | 2 5 7 |  7.9
Spellcasting   | 3 4 |  4.4
Invocations    | 1 5 6 7 |  7.0
Dodging        | 3 5 7 9 |  9.0
Armour         | 2 5 |  5.0
Evocations     | 1 |  1.4
Conjurations   | 3 4 |  4.0
Air Magic      | 3 4 |  4.0
Shields        | 1 2 |  2.4
Earth Magic    | 5 |  5.6

Action                   |  1- 3 |  4- 6 |  7- 9 | 10-12 | 13-15 | 16-18 || total
-------------------------+-------+-------+-------+-------+-------+-------++-------
Melee: Unarmed           |    23 |       |   305 |   527 |   883 |   147 ||  1885
       Headbutt          |     5 |    20 |    43 |    23 |     1 |       ||    92
       Dagger            |    66 |   240 |       |       |       |       ||   306
       Punch             |       |     7 |    12 |    29 |    81 |     7 ||   136
       Constrict         |       |       |       |       |   176 |    35 ||   211
Throw: Dart              |     3 |       |       |       |       |       ||     3
       Javelin           |       |       |     5 |       |       |       ||     5
 Cast: Beastly Appendage |     5 |    12 |    29 |    16 |     5 |       ||    67
       Sticks to Snakes  |       |     1 |     2 |     1 |       |       ||     4
       Spider Form       |       |       |     5 |       |       |       ||     5
       Blade Hands       |       |       |    16 |    63 |   115 |    16 ||   210
Invok: Heroism           |       |       |       |     9 |    12 |     3 ||    24
       Finesse           |       |       |       |     2 |     2 |     1 ||     5
 Abil: Spit Poison       |    15 |    15 |    10 |     7 |     6 |       ||    53
       End Transformatio |       |       |     1 |       |       |       ||     1
Evoke: Wand              |       |       |       |     4 |    10 |       ||    14
  Use: Potion            |       |     5 |     2 |     2 |     6 |     3 ||    18
       Scroll            |       |     3 |     6 |    15 |    13 |     4 ||    41
 Stab: Sleeping          |     1 |       |     1 |       |     4 |       ||     6
       Confused          |       |       |       |     2 |       |       ||     2
       Distracted        |       |       |       |       |     1 |       ||     1
  Eat: Chunk             |     3 |     5 |    11 |    16 |    52 |     1 ||    88
       Ration            |       |     2 |     4 |    11 |     8 |     3 ||    28
Armor: Robe              |    29 |    69 |   100 |   126 |       |    50 ||   374
       Acid dragon scale |       |       |       |    97 |   520 |    30 ||   647
Dodge: Dodged            |    73 |   153 |   181 |   333 |   618 |   162 ||  1520
Block: Buckler           |       |       |       |       |       |     1 ||     1
